 Dungeon Crawl Stone Soup version 0.28-a0-1202-g1e6f1b2279 (webtiles) character file.

Game seed: 1968098490709115336

697 Grim the Archer (level 7, -5/56 HPs)
             Began as a Minotaur Hunter on Dec 20, 2021.
             Slain by Pikel (12 damage)
             ... on level 5 of the Dungeon.
             The game lasted 00:05:58 (4493 turns).

Grim the Archer (Minotaur Hunter)                   Turns: 4493, Time: 00:05:59

Health: -5/56      AC:  2    Str: 16    XL:     7   Next: 37%
Magic:  6/6        EV: 12    Int:  8    God:
Gold:   191        SH:  0    Dex: 13    Spells: 6/6 levels left

rFire   . . .      SeeInvis .   b - +2 spear (freeze)
rCold   . . .      Faith    .   (no shield)
rNeg    . . .      Spirit   .   c - +0 leather armour
rPois   .          Reflect  .   (helmet restricted)
rElec   .          Harm     .   f - +1 cloak
rCorr   .          Rampage  .   i - +0 pair of gloves
Will    .....                   (no boots)
Stlth   +.........              (no amulet)
HPRegen 0.18/turn               (no ring)
MPRegen 0.10/turn               (no ring)

@: corroded, attractive
A: horns 2, retaliatory headbutt
a: no special abilities


You were on level 5 of the Dungeon.
You visited 1 branch of the dungeon, and saw 5 of its levels.

You collected 191 gold pieces.

Inventory:

Hand Weapons
 a - a +1 shortbow
 b - a +2 spear of freezing (weapon)
 e - a +0 short sword
Missiles
 d - 99 arrows
Armour
 c - a +0 leather armour (worn)
 f - a +1 cloak (worn)
 i - a +0 pair of gloves (worn)
Jewellery
 m - a ring of protection from fire
 n - a ring of flight
 w - a ring of fire
Wands
 l - a wand of paralysis (8)
 q - a wand of polymorph (5)
 u - a wand of iceblast (6)
Scrolls
 g - 7 scrolls of identify {unknown}
 h - 2 scrolls of enchant weapon {unknown}
 j - a scroll of torment {unknown}
 o - a scroll of blinking {unknown}
 p - 2 scrolls of teleportation {unknown}
 r - a scroll of amnesia {unknown}
 t - 2 scrolls of noise {unknown}
 v - a scroll of immolation {unknown}
Potions
 k - a potion of attraction
 s - a potion of resistance {unknown}


   Skills:
 - Level 2.4 Fighting
 - Level 0.5 Short Blades
 + Level 5.4 Polearms
 + Level 8.3 Bows
 - Level 1.7 Armour
 - Level 2.1 Dodging
 - Level 0.7 Stealth


You had 6 spell levels left.
You didn't know any spells.
Your spell library contained the following spells:

 Spells                   Type           Power      Damage    Failure   Level
 Blink                    Tloc           0%         N/A       63%         2
 Corpse Rot               Necr/Air       0%         N/A       63%         2
 Poisonous Vapours        Pois/Air       0%         N/A       63%         2
 Manifold Assault         Tloc           0%         N/A       100%        5
 Storm Form               Tmut/Air       0%         N/A       100%        7


Dungeon Overview and Level Annotations

Branches:
Dungeon (5/15)
 Temple: D:4-7

Altars:
Ashenzari
Yredelemnul

Annotations:
D:2 1 runed translucent door, Crazy Yiuf
D:5 Pikel


Innate Abilities, Weirdness & Mutations

You have a pair of horns on your head.
You reflexively headbutt those who attack you in melee.


Message History

You hit Pikel but do no damage.
Pikel is moderately wounded.
Pikel hits you with a +0 whip of flaming.
Pikel burns you.
You hit Pikel. You freeze Pikel. You headbutt Pikel, but do no damage.
Pikel is moderately wounded.
Pikel closely misses you.
You closely miss Pikel.
Pikel is moderately wounded.
Pikel hits you but does no damage.
You hit Pikel but do no damage. Your headbutt misses Pikel.
Pikel is moderately wounded.
You closely miss Pikel. You headbutt Pikel!
Pikel is heavily wounded.
Pikel zaps a wand.
The bolt of acid hits you!!
* * * LOW HITPOINT WARNING * * *
The acid corrodes you!
A lemure comes into view.
You barely miss Pikel. Your headbutt misses Pikel.
Pikel is heavily wounded.
Pikel zaps a wand.
The bolt of acid misses you.
You barely miss Pikel.
Pikel is heavily wounded.
Pikel hits you with a +0 whip of flaming.
* * * LOW HITPOINT WARNING * * *
Pikel burns you.
* * * LOW HITPOINT WARNING * * *
You hit Pikel but do no damage. You headbutt Pikel!
Pikel is severely wounded.
Pikel hits you with a +0 whip of flaming!
* * * LOW HITPOINT WARNING * * *
Pikel burns you.
* * * LOW HITPOINT WARNING * * *
You miss Pikel.
Pikel is severely wounded.
Unknown command.
It was a potion of attraction.
You feel attractive to monsters.
Pikel hits you with a +0 whip of flaming!
You die...

##### #.
##K55.# .# #
#@# ##. #.# ..
#.# ### ## #.#
..# .## #.#
#.# #.#.#
##+##
#.######.#
...####...##
#^.......#
###.##.....##
#######..#
..#.#.......##
#[#####.#


You could see Pikel and 2 lemures.

Vanquished Creatures
  An ogre (D:5)
  A phantom (D:4)
  A kobold brigand (D:4)
  2 scorpions (D:4)
  A bullfrog zombie (D:5)
  2 hounds (D:5)
  A bullfrog skeleton (D:4)
  2 iguanas
  Ijyb (D:3)
  An orc wizard (D:5)
  4 adders
  An adder zombie (D:5)
  A worm (D:2)
  4 dart slugs
  10 orcs
  5 endoplasms
  3 giant cockroaches
  6 goblins
  6 hobgoblins
  3 jackals (D:2)
  2 kobolds
  5 quokkas
  6 ball pythons
  5 bats
  4 rats
78 creatures vanquished.

Vanquished Creatures (others)
  2 fungi (D:1)
  A plant (D:1)
3 creatures vanquished.

Grand Total: 81 creatures vanquished

Notes
Turn   | Place    | Note
-------+----------+-------------------------------------------
     0 | D:1      | Grim the Minotaur Hunter began the quest for the Orb.
     0 | D:1      | Reached XP level 1. HP: 18/18 MP: 0/0
   127 | D:1      | Reached XP level 2. HP: 25/25 MP: 1/1
   240 | D:1      | Reached skill level 5 in Bows
   665 | D:1      | Found a faded altar of an unknown god.
   867 | D:2      | Reached XP level 3. HP: 28/30 MP: 2/2
  1184 | D:2      | Found a runed translucent door.
  1185 | D:2      | Noticed Crazy Yiuf
  1402 | D:2      | Reached XP level 4. HP: 37/37 MP: 3/3
  1727 | D:3      | Reached skill level 1 in Armour
  1732 | D:3      | Reached skill level 6 in Bows
  1901 | D:3      | Found a faded altar of an unknown god.
  1930 | D:3      | Found a basalt altar of Yredelemnul.
  1937 | D:3      | Reached skill level 1 in Polearms
  2325 | D:3      | Noticed Ijyb
  2326 | D:3      | Paralysed by Ijyb for 4 turns
  2333 | D:3      | Killed Ijyb
  2334 | D:3      | Reached XP level 5. HP: 42/42 MP: 4/4
  2527 | D:4      | Reached skill level 7 in Bows
  2527 | D:4      | Reached XP level 6. HP: 48/50 MP: 5/5
  2895 | D:4      | Found a broken altar of Ashenzari.
  3179 | D:5      | Entered Level 5 of the Dungeon
  3233 | D:5      | Reached XP level 7. HP: 14/56 MP: 6/6
  3242 | D:5      | Reached skill level 8 in Bows
  3782 | D:5      | Reached skill level 5 in Polearms
  4478 | D:5      | Noticed Pikel
  4493 | D:5      | Slain by Pikel

Illustrated notes

Levels and vault maps discovered:
D:1:      dpeg_arrival_simpleton_a, layout_loops_cross,
          shapermc_ecumenical_altar_petra
D:2:      layout_loops_ring, minmay_misc_feat_tower,
          hangedman_decor_diamond_cutter, uniq_crazy_yiuf_cottage
D:3:      layout_loops_ring, nicolae_overflow_ecumenical_swirl,
          mainiacjoe_overflow_small_starburst, uniq_ijyb
D:4:      layout_cave_pools, nicolae_ashenzari_skybound
D:5:      layout_loops_corners, corner_web_ring, corexii_shack, chequers_jeans,
          kennysheep_generic_room_2, uniq_pikel

Skill      XL: |  1  2  3  4  5  6  7 |
---------------+----------------------+-----
Bows           | 5 6 7 8 |  8.3
Armour         | 1 |  1.7
Polearms       | 1 3 4 5 |  5.4
Fighting       | |  2.4
Short Blades   | |  0.5
Dodging        | |  2.1
Stealth        | |  0.7

Action                   |  1- 3 |  4- 6 |  7- 9 || total
-------------------------+-------+-------+-------++-------
Melee: Short sword       |     4 |       |       ||     4
       Spear             |    27 |    51 |    42 ||   120
       Headbutt          |     9 |    12 |     9 ||    30
 Fire: Shortbow          |    77 |    63 |    22 ||   162
  Use: Potion            |       |       |     1 ||     1
 Stab: Sleeping          |       |     1 |       ||     1
Armor: Leather armour    |     7 |     8 |     9 ||    24
Dodge: Dodged            |    14 |    25 |    14 ||    53

Table legend: (Time is in decaauts)
 A = Elapsed time spent in this place.
 B = Non-inter-level travel time spent in this place.
 C = Inter-level travel time spent in this place.
 D = Time resting spent in this place.
 E = Time spent auto-exploring this place.
 F = Levels seen in this place.
 G = Mean time per level.
                   A        B        C        D        E       F      G
               +--------+--------+--------+--------+--------+-----+--------+
         Total |   4458 |   4317 |    141 |    779 |   2933 |   5 |  891.6 |
       Dungeon |   4458 |   4317 |    141 |    779 |   2933 |   5 |  891.6 |
               +--------+--------+--------+--------+--------+-----+--------+

Top non-repeatable levels by time:
     D:5: 1298 daAuts
     D:3: 1010 daAuts
     D:2: 983 daAuts
     D:1: 708 daAuts
     D:4: 457 daAuts
